[Event "FIDE Chesscom Online Nations Cup"]
[Site "Online"]
[Date "2020.05.07"]
[Round "5"]
[White "Adhiban, B.."]
[Black "Karjakin, Sergey"]
[Result "1/2-1/2"]
[ECO "D37"]
[WhiteElo "2624"]
[BlackElo "2709"]
[Annotator "RC"]
[PlyCount "41"]
[EventDate "2020.05.05"]
[EventType "team-tourn"]
[SourceTitle "playchess.com"]
[Source "ChessBase"]
[SourceQuality "1"]
[WhiteTeam "India"]
[BlackTeam "Russia"]
[WhiteTeamCountry "IND"]
[BlackTeamCountry "RUS"]
[TimeControl "1500+10"]

1. d4 Nf6 2. c4 e6 3. Nf3 d5 4. Nc3 Be7 5. Bf4 O-O 6. e3 Nbd7 7. Be2 dxc4 8. O-O a6 9. a4 c5 10. d5 exd5 11. Nxd5 Nxd5 12. Qxd5 Nf6 13. Qxc4 Be6 14. Qc2 h6 15. Rfd1 Qb6 16. Nd2 Rad8 17. Nc4 Qc6 18. Ne5 Qb6 19. Nc4 Qc6 20. Ne5 Qb6 21. Nc4 1/2-1/2

[Event "FIDE Chesscom Online Nations Cup"]
[Site "Online"]
[Date "2020.05.09"]
[Round "10"]
[White "Koneru, Humpy"]
[Black "Girya, Olga"]
[Result "1-0"]
[ECO "D38"]
[WhiteElo "2483"]
[BlackElo "2471"]
[Annotator "ChessBase"]
[PlyCount "201"]
[EventDate "2020.05.05"]
[EventType "team-tourn"]
[SourceTitle "playchess.com"]
[Source "ChessBase"]
[SourceQuality "1"]
[WhiteTeam "India"]
[BlackTeam "Russia"]
[WhiteTeamCountry "IND"]
[BlackTeamCountry "RUS"]
[TimeControl "1500+10"]

1. d4 Nf6 2. c4 e6 3. Nf3 d5 4. Nc3 Bb4 5. Bg5 h6 6. Bxf6 Qxf6 7. Qb3 c5 8. cxd5 exd5 9. a3 Bxc3+ 10. Qxc3 c4 11. b3 Be6 12. bxc4 dxc4 13. e3 Nd7 14. Be2 O-O 15. Nd2 b5 16. Bf3 Rab8 17. O-O Rfc8 18. Rfc1 Qd8 19. Rab1 a5 20. e4 f6 21. d5 Bf7 22. Bg4 Rc5 23. Bxd7 Qxd7 24. Qxa5 f5 25. Rxc4 Rxc4 26. Nxc4 fxe4 27. Ne3 Qb7 28. Qd2 Ra8 29. Rb3 Qd7 30. h3 Rd8 31. Rb4 Qa7 32. Qb2 Ra8 33. Rxb5 Qxa3 34. Qxa3 Rxa3 35. Rb8+ Kh7 36. Rb7 Kg6 37. Rb6+ Kh7 38. Kh2 Rd3 39. Rd6 Rd2 40. Kg3 g6 41. h4 Kg7 42. Rd7 Kf8 43. Ng4 Rxd5 44. Rxd5 Bxd5 45. Nxh6 Ke7 46. Ng4 Ke6 47. Kf4 Bc4 48. Ne3 Bd3 49. Kg5 Kf7 50. Ng4 Bc2 51. Ne5+ Kg7 52. g3 Bb1 53. Nc4 Kf7 54. Nd2 e3 55. fxe3 Bd3 56. Nf3 Bc2 57. Ne5+ Kg7 58. Nc6 Bb1 59. Nd4 Bd3 60. Kf4 Kf6 61. e4 Bb1 62. e5+ Ke7 63. Kg5 Bd3 64. Nb3 Bb1 65. Nc5 Bc2 66. Kf4 Bb1 67. Ke3 Bf5 68. Kf4 Bb1 69. Nb3 Ke6 70. Nd4+ Kd5 71. Ne2 Ke6 72. Kg5 Kxe5 73. Nf4 Bc2 74. g4 Bd1 75. Nxg6+ Ke6 76. Nf4+ Kf7 77. Nd3 Kg7 78. Ne5 Ba4 79. h5 Bb5 80. Kf5 Be2 81. Kg5 Bb5 82. Nf3 Bc6 83. Nd4 Ba4 84. Nf5+ Kh7 85. Kh4 Bc2 86. Ne3 Bd3 87. g5 Kg7 88. Nd5 Bc4 89. Nf4 Bb3 90. Kg4 Bc2 91. Kf3 Bd1+ 92. Ke4 Bg4 93. Ke5 Bd1 94. h6+ Kh7 95. Kf6 Bc2 96. Ne6 Bb1 97. Nf8+ Kg8 98. g6 Kh8 99. Kg5 Kg8 100. Nd7 Ba2 101. Nf6+ 1-0

[Event "FIDE Chesscom Online Nations Cup"]
[Site "Online"]
[Date "2020.05.09"]
[Round "10"]
[White "Saduakassova, Dinara"]
[Black "Dzagnidze, Nana"]
[Result "1/2-1/2"]
[ECO "B49"]
[WhiteElo "2412"]
[BlackElo "2447"]
[Annotator "ChessBase"]
[PlyCount "72"]
[EventDate "2020.05.05"]
[EventType "team-tourn"]
[SourceTitle "playchess.com"]
[Source "ChessBase"]
[SourceQuality "1"]
[WhiteTeam "World"]
[BlackTeam "Europe"]
[BlackTeamCountry "GEO"]
[TimeControl "1500+10"]

1. e4 c5 2. Nf3 Nc6 3. d4 cxd4 4. Nxd4 e6 5. Nc3 a6 6. Be2 Qc7 7. O-O Nf6 8. Be3 Bd6 9. f4 Nxd4 10. Qxd4 e5 11. Qd2 exf4 12. Bxf4 Bxf4 13. Rxf4 d6 14. Rd1 Qc5+ 15. Kf1 Be6 16. Qxd6 Qxd6 17. Rxd6 Rc8 18. e5 Nd7 19. Bg4 Bxg4 20. Rxg4 Nxe5 21. Rb4 Nc4 22. Rd3 b5 23. a4 bxa4 24. Nd5 Ne5 25. Re3 f6 26. Rb7 Rd8 27. Nc7+ Kf7 28. Nxa6+ Kg6 29. Nc5 Rhe8 30. Rg3+ Kf5 31. Nd3 Nxd3 32. Rxd3 g5 33. Rxd8 Rxd8 34. Ke2 h5 35. Rb5+ Ke6 36. Rb4 Ra8 1/2-1/2